 Dungeon Crawl Stone Soup version 0.19-a0-854-gc78d25d (webtiles) character file.

1417 Implojin the Grappler (level 8, 0/74 HPs)
             Began as a Troll Fighter on July 1, 2016.
             Was a Follower of Okawaru.
             Slain by a centaur (5 damage)
             ... on level 9 of the Dungeon.
             The game lasted 00:07:09 (1007 turns).

Implojin the Grappler (Troll Fighter)               Turns: 1007, Time: 00:07:09

Health: 0/74       AC:  5    Str: 25    XL:     8   Next: 43%
Magic:  2/7        EV: 12    Int:  4    God:    Okawaru [*.....]
Gold:   26         SH: 11    Dex: 11    Spells: 0 memorised, 7 levels left

rFire  . . .     SeeInvis .       - Unarmed
rCold  . . .     Gourm    +     a - +0 robe
rNeg   . . .     Faith    .     b - +0 shield
rPois  .         Spirit   .     (helmet restricted)
rElec  .         Dismiss  .     (no cloak)
rCorr  .         Reflect  .     (gloves unavailable)
SustAt .         Harm     .     (boots unavailable)
MR     .....                    (no amulet)
Stlth  ++........               (no ring)
                                (no ring)

@: heroism, not resistant to hostile enchantments, unstealthy
A: unfitting armour, claws 3, fast metabolism 3, gourmand, regeneration 2,
shaggy fur 1, tough skin 2
a: Heroism, Renounce Religion


You were on level 9 of the Dungeon.
You worshipped Okawaru.
Okawaru was aware of your devotion.
You were completely stuffed.

You visited 2 branches of the dungeon, and saw 10 of its levels.

You collected 26 gold pieces.

Inventory:

Armour
 a - a +0 robe (worn)
 b - a +0 shield (worn)
Jewellery
 g - an uncursed amulet of guardian spirit {unknown}
Scrolls
 c - a scroll of enchant armour {unknown}
 f - 2 scrolls of magic mapping
 h - a scroll of enchant weapon {unknown}
 i - a scroll of brand weapon {unknown}
 j - a scroll of remove curse
Potions
 e - a potion of flight {unknown}
Comestibles
 d - 3 bread rations
 k - a chunk of flesh


   Skills:
 - Level 2.4(7.4) Fighting
 - Level 2.4(7.4) Dodging
 - Level 2.4(7.4) Shields
 * Level 10.5(15.5) Unarmed Combat


You had 7 spell levels left.
You didn't know any spells.

Dungeon Overview and Level Annotations

Branches:
Dungeon (10/15)            Temple (1/1) D:7
   Lair: D:8-11         Orc: D:9-12

Altars:
Nemelex Xobeh
Okawaru
Trog
Uskayaw
Jiyva

Shops:
D:7 !=


Innate Abilities, Weirdness & Mutations

You are too large for most types of armour.
You have claws for hands.
Your metabolism is lightning-fast.
You like to eat raw meat.
You heal very quickly.
You are covered in fur. (AC +1)
You have very tough skin. (AC +2)


Message History

The orc barely misses you. The yak gores you!
* * * LOW HITPOINT WARNING * * *
You barely miss the yak. You mangle the yak!!
The yak is severely wounded.
You block the yak's attack.
You mangle the yak!!
You kill the yak!
Okawaru accepts your kill.
The centaur wields a shortbow.
The centaur shoots an arrow.
The arrow hits you!
* * * LOW HITPOINT WARNING * * *
The centaur unwields an uncursed shortbow.
You block the centaur's attack.
Unknown command.
You completely miss the centaur. The centaur hits you.
* * * LOW HITPOINT WARNING * * *
You block the centaur's attack.
Unknown command.
You scratch the centaur but do no damage.
The centaur closely misses you.
Okay, then.
You barely miss the centaur.
You feel like a meek peon again. You block the centaur's attack.
You fail to use your ability.
The centaur hits you but does no damage.
Unknown command.
Unknown command.
You gain the combat prowess of a mighty hero.
You block the centaur's attack. The centaur misses you.
Unknown command.
You scratch the centaur.
The centaur is lightly wounded.
The orc wizard casts a cantrip, but nothing happens.
The centaur hits you but does no damage.
You barely miss the centaur.
The centaur is lightly wounded.
The centaur hits you.
You die...

### #..
#########...
#...#oc@(.......
##...#o#######...
#.....oY.....#
#)....>......+
#............#
##...o.........
##.....######. #
#...... #
#......# #


You could see a centaur, an orc wizard and an orc.

Vanquished Creatures
  3 yaks (D:9)
  2 orc warriors
  A sky beast (D:7)
  A phantom (D:7)
  A centaur (D:10)
  6 orc wizards
  A hound (D:7)
  4 jellies (D:8)
  3 orc priests
  A worker ant (D:7)
  A hound skeleton (D:5)
  5 adders
  A shadow imp (D:5)
  An adder skeleton (D:4)
  A dart slug (D:2)
  3 giant geckos
  11 orcs
  2 giant cockroaches
  2 goblins
  2 hobgoblins
  2 jackals (D:1)
  A quokka (D:4)
  9 bats
  A giant newt (D:2)
  A kobold (D:1)
  7 rats
73 creatures vanquished.

Notes
Turn   | Place    | Note
-------+----------+-------------------------------------------
     0 | D:1      | Implojin the Troll Fighter began the quest for the Orb.
     0 | D:1      | Reached XP level 1. HP: 22/22 MP: 0/0
   118 | D:1      | Reached XP level 2. HP: 29/29 MP: 1/1
   147 | D:2      | Reached skill level 3 in Unarmed Combat
   239 | D:3      | Reached XP level 3. HP: 23/36 MP: 2/2
   284 | D:5      | Entered Level 5 of the Dungeon
   293 | D:5      | Reached skill level 4 in Unarmed Combat
   333 | D:5      | Reached XP level 4. HP: 44/44 MP: 3/3
   341 | D:5      | Reached skill level 5 in Unarmed Combat
   405 | D:5      | Reached XP level 5. HP: 46/50 MP: 4/4
   470 | D:5      | You fall through a shaft for 2 floors!
   470 | D:7      | Found Kauzaf's Distillery.
   471 | D:7      | Noticed a phantom
   491 | D:7      | Found Bukusom's Jewellery Emporium.
   507 | D:7      | Killed a phantom
   507 | D:7      | Reached skill level 6 in Unarmed Combat
   507 | D:7      | Reached XP level 6. HP: 58/59 MP: 5/5
   535 | D:7      | Noticed an orc warrior
   541 | D:7      | Reached skill level 7 in Unarmed Combat
   562 | D:7      | Noticed a sky beast
   587 | D:7      | Killed a sky beast
   641 | D:7      | Found a staircase to the Ecumenical Temple.
   649 | Temple   | Entered the Ecumenical Temple
   692 | Temple   | Became a worshipper of Warmaster Okawaru
   724 | D:7      | Killed an orc warrior
   724 | D:7      | Reached skill level 8 in Unarmed Combat
   724 | D:7      | Reached XP level 7. HP: 21/66 MP: 6/6
   767 | D:8      | Found a viscous altar of Jiyva.
   923 | D:10     | Entered Level 10 of the Dungeon
   933 | D:10     | Reached skill level 9 in Unarmed Combat
   961 | D:10     | Reached * piety under Okawaru
   977 | D:9      | Noticed a yak
   978 | D:9      | Noticed a yak
   979 | D:9      | Noticed a yak
   982 | D:9      | Noticed a yak
   984 | D:9      | Killed a yak
   984 | D:9      | Reached XP level 8. HP: 24/74 MP: 3/7
   991 | D:9      | Reached skill level 10 in Unarmed Combat
   999 | D:9      | HP: 2/74 [centaur/arrow (12)]
  1007 | D:9      | Slain by a centaur

Vault maps used:
D:1:      elethiomel_arrival_diamonds, minmay_tetromino_i2
D:2:      lightli_temple_of_fire, nicolae_dithmenos_shadow_blocks
D:4:      grunt_temple_overflow_order_and_chaos_1, minmay_misc_feat_roman,
          kennysheep_cross_bottleneck
D:5:      kennysheep_windowed_halls, nicolae_overflow_hidden_temple,
          overflow_temple_1_default, first_bread, roderic_batcave,
          grunt_ministairs_2, st_stairs_8
D:7:      serial_shops, nicolae_shop_temple_entry_statues_fountains, shop
D:8:      tso_metal_star, serial_bayou, serial_bayou_crossing,
          serial_bayou_pond_e, serial_bayou_lake_a, serial_bayou_pond_a,
          serial_bayou_lagoon_a, grunt_pizzeria, jiyva_altar_1, uniq_maurice,
          uniq_erica
D:9:      kennysheep_mini
D:10:     minmay_lair_entry_lava
Temple:   minmay_temple_curvy_branch

Skill      XL: |  1  2  3  4  5  6  7  8 |
---------------+-------------------------+-----
Unarmed Combat | 3 4 5 6 8 9 10 | 10.5
Fighting       | |  2.4
Dodging        | |  2.4
Shields        | |  2.4

Action                   |  1- 3 |  4- 6 |  7- 9 || total
-------------------------+-------+-------+-------++-------
Melee: Unarmed           |    96 |    76 |    50 ||   222
Invok: Heroism           |       |       |     4 ||     4
  Use: Potion            |       |     3 |       ||     3
       Scroll            |       |     4 |     1 ||     5
  Eat: Chunk             |     4 |       |    11 ||    15
Armor: Robe              |    37 |    31 |    11 ||    79
Dodge: Dodged            |    28 |    50 |    13 ||    91
Block: Shield            |    54 |    42 |    21 ||   117

Table legend:
 A = Turns spent in this place as a percentage of turns spent in the entire game.
 B = Non-inter-level travel turns spent in this place as a percentage of non-inter-level travel turns spent in the entire game.
 C = Inter-level travel turns spent in this place as a percentage of turns spent in this place.
 D = Turns resting spent in this place as a percentage of non-inter-level travel turns spent in this place.
 E = Turns spent auto-exploring this place as a percentage of non-inter-level travel turns spent in this place.
 F = Non-inter-level travel turns spent in this place divided by the number of levels of this place that you've seen.
                   A       B       C       D       E      F
               +-------+-------+-------+-------+-------+----------------------
         Total | 100.0 | 100.0 |   0.0 |   0.0 |   0.0 | 102.5
       Dungeon |  93.6 |  93.6 |   0.0 |   0.0 |   0.0 | 106.6
        Temple |   6.4 |   6.4 |   0.0 |   0.0 |   0.0 |  66.0
               +-------+-------+-------+-------+-------+----------------------

Table legend:
 A = Kills in this place as a percentage of kills in entire the game.
 B = Kills by you in this place as a percentage of kills by you in the entire game.
 C = Kills by friends in this place as a percentage of kills by friends in the entire game.
 D = Other kills in this place as a percentage of other kills in the entire game.
 E = Experience gained in this place as a percentage of experience gained in the entire game.
 F = Experience gained in this place divided by the number of levels of this place that you have seen.
                   A       B       C       D       E      F
               +-------+-------+-------+-------+-------+----------------------
         Total | 100.0 | 100.0 |  -nan |  -nan | 100.0 | 202.5
       Dungeon |  98.6 |  98.6 |  -nan |  -nan |  99.9 | 224.7
        Temple |   1.4 |   1.4 |  -nan |  -nan |   0.1 |   3.0
               +-------+-------+-------+-------+-------+----------------------
